 Dungeon Crawl Stone Soup version 0.20.1-1-g8b1a95d (webtiles) character file.

345 doot the Magician (level 6, 0/37 HPs)
             Began as an Octopode Wizard on July 10, 2017.
             Succumbed to a worker ant's poison
             ... on level 4 of the Dungeon.
             The game lasted 00:18:40 (4441 turns).

doot the Magician (Octopode Wizard)                 Turns: 4441, Time: 00:18:40

Health: 0/37       AC:  1    Str: 11    XL:     6   Next: 58%
Magic:  13/13      EV: 13    Int: 26    God:
Gold:   172        SH:  0    Dex: 12    Spells: 3/14 levels left

rFire    . . .     SeeInvis .   j - +0 spear
rCold    . . .     Gourm    .   (no shield)
rNeg     . . .     Faith    .   a - +0 hat
rPois    .         Spirit   .   m - amulet of magic regeneration
rElec    .         Reflect  .   (no ring)
rCorr    .         Harm     .   (no ring)
MR       .....                  (no ring)
Stlth    ++++......             (no ring)
Regen    0.2/turn               (no ring)
MPRegen  0.2/turn               (no ring)
                                (no ring)
                                (no ring)

@: mighty, brilliant, lethally poisoned (0 -> -2)
A: almost no armour, stealthy swim, amphibious, 8 rings, constrict 8, camouflage
1, gelatinous body 1
a: no special abilities


You were on level 4 of the Dungeon.
You were not hungry.

You visited 1 branch of the dungeon, and saw 7 of its levels.

You collected 172 gold pieces.

Inventory:

Hand Weapons
 d - a +0 dagger
 j - a +0 spear (weapon)
 t - a +0 falchion
Armour
 a - a +0 hat (worn)
Jewellery
 l - a +4 amulet of reflection
 m - an amulet of magic regeneration (around mantle)
Wands
 i - a wand of iceblast (7/15)
 x - a wand of acid (5/15)
Scrolls
 e - 5 scrolls of identify
 n - 2 scrolls of recharging {unknown}
 o - a scroll of blinking {unknown}
 r - a scroll of immolation {unknown}
 v - 3 scrolls of magic mapping {unknown}
 w - a scroll of noise {unknown}
 y - a scroll of enchant armour {unknown}
Potions
 f - 2 potions of curing {unknown}
 g - 2 potions of heal wounds {unknown}
 h - 2 potions of flight {unknown}
 p - a potion of magic {unknown}
 q - 2 potions of brilliance
 s - 2 potions of resistance {unknown}
 u - 3 potions of might
 A - a potion of invisibility {unknown}
Books
 b - a book of Minor Magic

   Spells                             Type                      Level
   a - Magic Dart                     Conjuration                  1
   b - Blink                          Translocation                2
   c - Call Imp                       Summoning                    2
   d - Slow                           Hexes                        2
   e - Conjure Flame                  Conjuration/Fire             3
   f - Mephitic Cloud                 Conjuration/Poison/Air       3
 z - a book of Necromancy

   Spells                             Type                      Level
   a - Pain                           Necromancy                   1
   b - Animate Skeleton               Necromancy                   1
   c - Vampiric Draining              Necromancy                   3
   d - Regeneration                   Charms/Necromancy            3
   e - Animate Dead                   Necromancy                   4
   f - Control Undead                 Necromancy                   4
Comestibles
 c - 3 bread rations
 k - 4 meat rations


   Skills:
 + Level 0.6 Fighting
 + Level 0.6 Polearms
 + Level 2.5 Dodging
 + Level 4.5 Stealth
 + Level 4.8 Spellcasting
 + Level 2.0 Conjurations
 + Level 2.7 Summonings
 + Level 1.0 Translocations
 + Level 0.4 Air Magic
 + Level 0.5 Poison Magic


You had 3 spell levels left.
You knew the following spells:

 Your Spells              Type           Power        Failure   Level  Hunger
a - Magic Dart            Conj           ####         1%          1    None
b - Call Imp              Summ           #####...     1%          2    None
c - Mephitic Cloud        Conj/Pois/Air  ####....     1%          3    ##.....
d - Blink                 Tloc           N/A          1%          2    None
e - Regeneration          Chrm/Necr      ###.......   3%          3    ##.....


Dungeon Overview and Level Annotations

Branches:
Dungeon (7/15)
 Temple: D:4-7

Altars:
Elyvilon
Ru
Uskayaw

Shops:
D:5 =

Annotations:
D:4 Overlord's ghost, amateur DsGl


Innate Abilities, Weirdness & Mutations

You cannot wear most types of armour.
You are very stealthy in the water. (Stealth+)
You are amphibious.
You can wear up to eight rings at the same time.
You can use your tentacles to constrict eight enemies at once.
Your skin changes colour to match your surroundings (Stealth+).
Your rubbery body absorbs attacks. (AC +1, EV +1)


Message History

The orc shouts!
The centaur skeleton hits you.
An ogre comes into view. It is wielding a giant club.
An orc and an orc wizard come into view.
The orc shouts!
Found an escape hatch in the ceiling.
You feel sick.
There is a stone staircase leading up here.
The centaur skeleton hits you.
* * * LOW HITPOINT WARNING * * *
The centaur skeleton hits you!
* * * LOW HITPOINT WARNING * * *
You climb upwards.
Level annotation: Overlord's ghost, amateur DsGl
There is a stone staircase leading down here.
It was a potion of might.
You feel very mighty all of a sudden.
It was a potion of brilliance.
You feel clever all of a sudden.
You die...

#..##.###.[#..# ############
#..##..##..##.####.....##...#
##.###.....###.##.######....#
#.# ##...## ##..## ###..# #.#
##.## #### ##..# #.# ###
##...# #.#
###############.[.## #.##
##..............(### # ##.##
#...#@.........<.## #
##.####.#######.........####
##..#..# ##.#...##..##.
##...## ###.###<.###....
#....#####...# ##.# ##...
#............# #..# ##..
#.....#......# ###.. ...
#..######....# #..... ....##
#....# #..##


There were no monsters in sight!

Vanquished Creatures
  An adder (D:3)
  2 oozes
  A worm (D:2)
  3 dart slugs
  3 leopard geckos
  An orc (D:4)
  A ball python (D:2)
  A giant cockroach (D:2)
  7 goblins
  3 hobgoblins (D:2)
  9 bats
  9 frilled lizards
  6 kobolds
  4 rats
51 creatures vanquished.

Vanquished Creatures (collateral kills)
  A sky beast (D:4)
  A bullfrog (D:3)
  A scorpion (D:7)
  A howler monkey (D:4)
  A centaur skeleton (D:4)
  An iguana (D:3)
  A howler monkey skeleton (D:4)
  7 adders
  A leopard gecko (D:4)
  An orc (D:2)
  5 hobgoblins
  A frilled lizard (D:3)
  2 kobolds (D:1)
24 creatures vanquished.

Vanquished Creatures (others)
  A frilled lizard (D:3)
1 creature vanquished.

Grand Total: 76 creatures vanquished

Notes
Turn   | Place    | Note
-------+----------+-------------------------------------------
     0 | D:1      | doot the Octopode Wizard began the quest for the Orb.
     0 | D:1      | Reached XP level 1. HP: 11/11 MP: 4/4
   212 | D:1      | Reached XP level 2. HP: 15/17 MP: 4/6
   217 | D:1      | Learned a level 2 spell: Call Imp
   910 | D:1      | Reached XP level 3. HP: 21/21 MP: 8/8
  1285 | D:2      | Noticed a hand axe
  1286 | D:2      | Found a hide-covered altar of Uskayaw.
  1286 | D:2      | Noticed a dagger
  1336 | D:2      | Learned a level 3 spell: Mephitic Cloud
  1713 | D:2      | Found a sacrificial altar of Ru.
  1739 | D:2      | Reached XP level 4. HP: 24/27 MP: 6/9
  1959 | D:2      | Learned a level 2 spell: Blink
  2007 | D:3      | Found a white marble altar of Elyvilon.
  2433 | D:3      | Reached XP level 5. HP: 28/32 MP: 3/11
  2927 | D:3      | Found a faded altar of an unknown god.
  3169 | D:4      | Noticed a sky beast
  3233 | D:4      | Killed a sky beast
  3233 | D:4      | Reached XP level 6. HP: 33/37 MP: 1/12
  3789 | D:4      | Noticed Overlord's ghost (amateur DsGl)
  4149 | D:4      | You fall through a shaft for 3 floors!
  4264 | D:6      | Noticed a sky beast
  4351 | D:6      | Learned a level 3 spell: Regeneration
  4363 | D:6      | Noticed an ice beast
  4372 | D:5      | Entered Level 5 of the Dungeon
  4430 | D:5      | Found Wewub's Jewellery Boutique.
  4438 | D:5      | HP: 1/37 [centaur skeleton (7)]
  4441 | D:4      | Succumbed to a worker ant's poison

Skill      XL: |  1  2  3  4  5  6 |
---------------+-------------------+-----
Stealth        | 3 4 |  4.5
Spellcasting   | 4 |  4.8
Summonings     | 2 |  2.7
Conjurations   | 2 |  2.0
Fighting       | |  0.6
Polearms       | |  0.6
Dodging        | |  2.5
Translocations | |  1.0
Air Magic      | |  0.4
Poison Magic   | |  0.5

Action                   |  1- 3 |  4- 6 || total
-------------------------+-------+-------++-------
Melee: Dagger            |    32 |       ||    32
       Constrict         |    11 |    11 ||    22
       Spear             |    23 |    74 ||    97
       Tentacles         |     4 |     8 ||    12
 Cast: Magic Dart        |    31 |    42 ||    73
       Call Imp          |    14 |    28 ||    42
       Mephitic Cloud    |       |     8 ||     8
  Use: Scroll            |       |     1 ||     1
       Potion            |       |     2 ||     2
 Stab: Sleeping          |    10 |     2 ||    12
       Confused          |       |     3 ||     3
       Distracted        |       |     1 ||     1
  Eat: Chunk             |     3 |     7 ||    10
       Meat ration       |       |     1 ||     1
Armor: Skin              |     6 |     1 ||     7
Dodge: Dodged            |    30 |    42 ||    72
Block: Other             |     2 |     2 ||     4
